 Dungeon Crawl Stone Soup version 0.26-a0-1053-gaff5f71418 (webtiles) character file.

Game seed: 839708256260942925

3 vurker the Sneak (level 1, -1/13 HPs)
             Began as a Gnoll Enchanter on Dec 12, 2020.
             Slain by a kobold (4 damage)
             ... on level 1 of the Dungeon.
             The game lasted 00:00:13 (73 turns).

vurker the Sneak (Gnoll Enchanter)                    Turns: 73, Time: 00:00:13

Health: -1/13      AC:  3    Str: 10    XL:     1   Next: 50%
Magic:  6/6        EV: 14    Int: 17    God:
Gold:   0          SH:  0    Dex: 15    Spells: 8/9 levels left

rFire    . . .     SeeInvis .   a - +1 dagger
rCold    . . .     Faith    .   (no shield)
rNeg     . . .     Spirit   .   b - +0 robe
rPois    .         Reflect  .   (no helmet)
rElec    .         Harm     .   (no cloak)
rCorr    .         Rampage  .   d - +0 pair of gloves
Will     .....                  (no boots)
Stlth    +++.......             (no amulet)
HPRegen  0.04/turn              (no ring)
MPRegen  0.10/turn              (no ring)

@: no status effects
A: distributed training, fangs 1, strong nose
a: no special abilities


You were on level 1 of the Dungeon.
You visited 1 branch of the dungeon, and saw 1 of its levels.

Inventory:

Hand Weapons
 a - a +1 dagger (weapon)
Armour
 b - a +0 robe (worn)
 d - a +0 pair of gloves (worn)
   (You found it on level 1 of the Dungeon)
Scrolls
 c - a scroll of teleportation {unknown}
 e - 2 scrolls of identify {unknown}


   Skills:
 + Level 0.0 Fighting
 + Level 2.3 Short Blades
 + Level 0.0 Long Blades
 + Level 0.0 Axes
 + Level 0.0 Maces & Flails
 + Level 0.0 Polearms
 + Level 0.0 Staves
 + Level 0.0 Slings
 + Level 0.0 Bows
 + Level 0.0 Crossbows
 + Level 0.0 Throwing
 + Level 0.0 Armour
 + Level 4.4 Dodging
 + Level 5.8 Stealth
 + Level 0.0 Shields
 + Level 0.0 Unarmed Combat
 + Level 4.8 Spellcasting
 + Level 0.0 Conjurations
 + Level 5.3 Hexes
 + Level 0.0 Summonings
 + Level 0.0 Necromancy
 + Level 0.0 Translocations
 + Level 0.0 Transmutations
 + Level 0.0 Fire Magic
 + Level 0.0 Ice Magic
 + Level 0.0 Air Magic
 + Level 0.0 Earth Magic
 + Level 0.0 Poison Magic
 + Level 0.1 Invocations
 + Level 0.0 Evocations


You had 8 spell levels left.
You knew the following spells:

 Your Spells              Type           Power        Failure   Level
a - Corona                Hex            ###....      1%          1

Your spell library contained the following spells:

 Spells                   Type           Power        Failure   Level
 Confusing Touch          Hex            ###.....     4%          3
 Tukima's Dance           Hex            ###.....     4%          3
 Ensorcelled Hibernation  Hex/Ice        ##....       7%          2
 Dazzling Flash           Conj/Hex       ##....       14%         3


Dungeon Overview and Level Annotations

Branches:
Dungeon (1/15)

Altars:


Innate Abilities, Weirdness & Mutations

Your experience applies equally to all skills.
You have very sharp teeth.
Your uncanny sense of smell can sniff out nearby items.


Message History

The bat barely misses you. The bat completely misses you.
The kobold hits you with a +0 dagger. The bat barely misses you.
You barely miss the bat. You bite the bat, but do no damage.
The bat hits you but does no damage. The bat closely misses you.
The kobold hits you with a +0 dagger.
You closely miss the kobold. The bat hits you but does no damage. x2
The kobold misses you.
You hit the kobold. The bat misses you. x2
The bat hits you but does no damage. The kobold closely misses you. x2
You hit the kobold but do no damage. You bite the kobold, but do no damage.
The bat hits you.
* * * LOW HITPOINT WARNING * * *
The bat hits you but does no damage. The kobold hits you but does no damage.
The kobold hits you.
* * * LOW HITPOINT WARNING * * *
A frilled lizard comes into view.
The bat misses you. The bat hits you but does no damage. The bat hits you.
* * * LOW HITPOINT WARNING * * *
The bat closely misses you.
The kobold throws a stone.
The stone closely misses you. The bat closely misses you.
You see here a stone.
The bat misses you. The bat hits you but does no damage.
You closely miss the bat. The bat hits you but does no damage. x2
You hit the bat.
You kill the bat!
The bat closely misses you.
You miss the bat. The bat barely misses you. The bat closely misses you.
You closely miss the bat. Your bite misses the bat.
The bat hits you but does no damage. The bat barely misses you.
You barely miss the bat.
The frilled lizard hisses angrily.
You bite the bat. The bat hits you but does no damage.
You hit the bat. The bat barely misses you.
You hit the bat. The bat closely misses you.
The bat hits you but does no damage.
You hit the bat.
You kill the bat!
You hit the kobold. You bite the kobold, but do no damage.
The kobold closely misses you.
You closely miss the kobold. The kobold closely misses you.
You hit the kobold.
You kill the kobold!
You closely miss the kobold. You barely miss the kobold.
The kobold closely misses you.
You hit the kobold but do no damage. Your bite misses the kobold.
The kobold hits you.
You die...

##... ...........# ....
....#.....## >..#
#........>.. #..#
#......l.... #..#
#........... #..#
#........l. #####..#
#...†......
#......#####..#.......
##.###...@KlK!.........
#..##########..#####...
######'#............#
##
#......+.##########.#
#.####+### #.# ∆
#.#..#.# #.# #.+.<'.#
... #.#..#.# # #.####.#


You could see 2 kobolds and a frilled lizard.

Vanquished Creatures
  A ball python (D:1)
  2 bats (D:1)
  A kobold (D:1)
4 creatures vanquished.

Notes
Turn   | Place    | Note
-------+----------+-------------------------------------------
     0 | D:1      | vurker the Gnoll Enchanter began the quest for the Orb.
     0 | D:1      | Reached XP level 1. HP: 13/13 MP: 6/6
    73 | D:1      | Slain by a kobold

Illustrated notes

Levels and vault maps discovered:
D:1:      ncdulo_smallfort, layout_loops_ring, minivault_27,
          minmay_misc_feat_square, serial_bayou_pond_e

Action                   || total
-------------------------++-------
Melee: Dagger            ||    21
       Bite              ||     4
Armor: Robe              ||    15
Dodge: Dodged            ||    29

Table legend: (Time is in decaauts)
 A = Elapsed time spent in this place.
 B = Non-inter-level travel time spent in this place.
 C = Inter-level travel time spent in this place.
 D = Time resting spent in this place.
 E = Time spent auto-exploring this place.
 F = Levels seen in this place.
 G = Mean time per level.
                   A        B        C        D        E       F      G
               +--------+--------+--------+--------+--------+-----+--------+
         Total |     70 |     70 |      0 |      0 |     34 |   1 |   70.0 |
       Dungeon |     70 |     70 |      0 |      0 |     34 |   1 |   70.0 |
               +--------+--------+--------+--------+--------+-----+--------+

Top non-repeatable levels by time:
     D:1: 70 daAuts
